 Dungeon Crawl Stone Soup version 0.29.1-15-g9cfb28693d (webtiles) character file.

Game seed: 14328982635141194661

141 Ast3rio the Chopper (level 5, -5/47 HPs)
             Began as a Gnoll Cinder Acolyte on Mar 9, 2023.
             Was a High Priest of Ignis.
             Slain by an iguana (14 damage)
             ... on level 4 of the Dungeon.
             The game lasted 00:05:42 (3439 turns).

Ast3rio the Chopper (Gnoll Cinder Acolyte)          Turns: 3439, Time: 00:05:42

Health: -5/47      AC:  2    Str: 14    XL:     5   Next: 24%
Magic:  2/9        EV: 11    Int: 15    God:    Ignis [*****.]
Gold:   90         SH:  0    Dex:  7    Spells: 8/10 levels left

rFire   + . .      SeeInvis .   l - +1 dagger (speed)
rCold   . . .      Faith    .   (no shield)
rNeg    . . .      Spirit   .   b - +0 robe
rPois   .          Reflect  .   (no helmet)
rElec   .          Harm     .   (no cloak)
rCorr   .          Rampage  .   (no gloves)
Will    .....                   (no boots)
Stlth   +.........              (no amulet)
HPRegen 0.15/turn               (no ring)
MPRegen 0.11/turn               (no ring)

@: no status effects
A: fangs 1, strong nose, distributed training
a: Renounce Religion, Fiery Armour, Foxfire Swarm, Rising Flame


You were on level 4 of the Dungeon.
You worshipped Ignis.
Ignis was extremely pleased with you.
You visited 1 branch of the dungeon, and saw 4 of its levels.

You collected 90 gold pieces.

Inventory:

Hand Weapons
 a - a -1 hand axe of flaming
 l - a +1 dagger of speed (weapon)
Armour
 b - a +0 robe (worn)
Jewellery
 g - a +6 ring of strength
Scrolls
 c - 3 scrolls of identify {unknown}
 d - 2 scrolls of magic mapping {unknown}
 e - a scroll of vulnerability {unknown}
 f - 2 scrolls of teleportation {unknown}
 h - a scroll of noise {unknown}
 m - a scroll of amnesia {unknown}
Potions
 i - a potion of heal wounds {unknown}
 j - a potion of might {unknown}
 k - a potion of resistance {unknown}


   Skills:
 + Level 6.7 Fighting
 + Level 1.4 Short Blades
 + Level 1.4 Long Blades
 + Level 6.7 Axes
 + Level 1.4 Maces & Flails
 + Level 1.4 Polearms
 + Level 1.4 Staves
 + Level 1.4 Ranged Weapons
 + Level 1.4 Throwing
 + Level 1.4 Armour
 + Level 1.4 Dodging
 + Level 1.4 Stealth
 + Level 1.4 Shields
 + Level 1.4 Unarmed Combat
 + Level 3.1 Spellcasting
 + Level 1.1 Conjurations
 + Level 1.1 Hexes
 + Level 1.1 Summonings
 + Level 1.1 Necromancy
 + Level 1.1 Translocations
 + Level 1.1 Transmutations
 + Level 5.5 Fire Magic
 + Level 1.1 Ice Magic
 + Level 1.1 Air Magic
 + Level 1.1 Earth Magic
 + Level 1.1 Poison Magic
 + Level 1.6 Invocations
 + Level 1.4 Evocations


You had 8 spell levels left.
You knew the following spells:

 Your Spells              Type           Power      Damage    Failure   Level
a - Scorch                Fire           38%        2d7       3%          2

Your spell library contained the following spells:

 Spells                   Type           Power      Damage    Failure   Level
 Slow                     Hex            20%        N/A       12%         1
 Summon Small Mammal      Summ           20%        N/A       12%         1
 Call Canine Familiar     Summ           5%         N/A       36%         3
 Confusing Touch          Hex            5%         N/A       36%         3
 Portal Projectile        Hex/Tloc       10%        N/A       36%         3
 Summon Guardian Golem    Hex/Summ       5%         N/A       36%         3
 Vampiric Draining        Necr           5%         2d6       36%         3
 Leda's Liquefaction      Hex/Erth       2%         N/A       77%         4


Dungeon Overview and Level Annotations

Branches:
Dungeon (4/15)
 Temple: D:4-7

Altars:
Trog


Innate Abilities, Weirdness & Mutations

You have very sharp teeth.
Your uncanny sense of smell can sniff out nearby items.
Your experience applies equally to all skills.


Message History

Confirm with . or Enter, or press ? or * to list all spells.
Flames lash the iguana.
The iguana is lightly wounded.
The iguana's fire resistance burns away.
The iguana bites you!
Casting: Scorch (safe; 3% risk of failure)
Confirm with . or Enter, or press ? or * to list all spells.
Flames lash the iguana.
The iguana is burned terribly!
The iguana is heavily wounded.
The iguana closely misses you.
Casting: Scorch (safe; 3% risk of failure)
Confirm with . or Enter, or press ? or * to list all spells.
Flames lash the iguana.
The iguana is heavily wounded.
The iguana bites you!
You hit the iguana.
The iguana is severely wounded.
You hit the iguana.
The iguana is almost dead.
The iguana bites you.
You hit the iguana but do no damage.
The iguana is almost dead.
You hit the iguana but do no damage.
The iguana is almost dead.
The iguana bites you!
You hit the iguana but do no damage.
The iguana is almost dead.
The iguana bites you.
You closely miss the iguana. You bite the iguana, but do no damage.
The iguana is almost dead.
You hit the iguana but do no damage. You punch the iguana, but do no damage.
The iguana is almost dead.
The iguana bites you!
* * * LOW HITPOINT WARNING * * *
You hit the iguana.
The iguana is almost dead.
You hit the iguana but do no damage.
The iguana is almost dead.
The iguana bites you!
You die...

##### ##...#
+###
....##...#
#..$.....#
##........##
#..l....<...
#..@........
#...........
#...........
#...<....>#
#.........#
#########...
.. ∆ ∆ ∆


You could see an iguana (combustible).

Vanquished Creatures
  An iguana (D:2)
  A gnoll (D:1)
  3 adders
  A worm (D:3)
  A dart slug (D:1)
  3 orcs (D:3)
  2 bats
  5 endoplasms
  7 giant cockroaches
  3 goblins
  10 hobgoblins
  4 jackals (D:1)
  2 quokkas (D:1)
  4 ball pythons
  6 frilled lizards
  7 kobolds
  9 rats
69 creatures vanquished.

Vanquished Creatures (others)
  A wizard (D:3)
  9 foxfires (D:1)
10 creatures vanquished.

Grand Total: 79 creatures vanquished

Notes
Turn   | Place    | Note
-------+----------+-------------------------------------------
     0 | D:1      | Ast3rio the Gnoll Cinder Acolyte began the quest for the
                  | Orb.
     0 | D:1      | Reached XP level 1. HP: 23/23 MP: 4/4
   161 | D:1      | Reached XP level 2. HP: 25/29 MP: 5/5
   261 | D:1      | Reached XP level 3. HP: 15/35 MP: 7/7
   461 | D:1      | Learned a level 2 spell: Scorch
   626 | D:1      | Found a faded altar of an unknown god.
   632 | D:1      | Reached skill level 1 in Invocations
   834 | D:1      | Reached skill level 1 in Short Blades
   834 | D:1      | Reached skill level 1 in Long Blades
   834 | D:1      | Reached skill level 1 in Maces & Flails
   834 | D:1      | Reached skill level 1 in Polearms
   834 | D:1      | Reached skill level 1 in Staves
   834 | D:1      | Reached skill level 1 in Ranged Weapons
   834 | D:1      | Reached skill level 1 in Throwing
   834 | D:1      | Reached skill level 1 in Armour
   834 | D:1      | Reached skill level 1 in Dodging
   834 | D:1      | Reached skill level 1 in Stealth
   834 | D:1      | Reached skill level 1 in Shields
   834 | D:1      | Reached skill level 1 in Unarmed Combat
   834 | D:1      | Reached skill level 1 in Evocations
  1210 | D:2      | Reached XP level 4. HP: 41/41 MP: 1/8
  1323 | D:2      | Reached skill level 1 in Conjurations
  1323 | D:2      | Reached skill level 1 in Hexes
  1323 | D:2      | Reached skill level 1 in Summonings
  1323 | D:2      | Reached skill level 1 in Necromancy
  1323 | D:2      | Reached skill level 1 in Translocations
  1323 | D:2      | Reached skill level 1 in Transmutations
  1323 | D:2      | Reached skill level 1 in Ice Magic
  1323 | D:2      | Reached skill level 1 in Air Magic
  1323 | D:2      | Reached skill level 1 in Earth Magic
  1323 | D:2      | Reached skill level 1 in Poison Magic
  2646 | D:3      | Reached XP level 5. HP: 41/47 MP: 4/9
  3356 | D:3      | Found a bloodstained altar of Trog.
  3360 | D:3      | Noticed a wizard
  3365 | D:3      | Killed a wizard
  3439 | D:4      | Slain by an iguana

Illustrated notes

Levels and vault maps discovered:
D:1:      amcnicky_arrival_wind_blow, layout_rooms,
          ebering_ecumenical_altar_hall, dreamdust_princess_corridor,
          nicolae_concentric_dashed_squares_mild
D:2:      layout_basic
D:3:      layout_basic, trog_wizard, nicolae_concentric_dashed_squares_wild
D:4:      layout_gridville, nicolae_wu_jian_glorious_leap

Skill      XL: |  1  2  3  4 |
---------------+-------------+-----
Invocations    | 1 |  1.6
Short Blades   | 1 |  1.4
Long Blades    | 1 |  1.4
Maces & Flails | 1 |  1.4
Polearms       | 1 |  1.4
Staves         | 1 |  1.4
Ranged Weapons | 1 |  1.4
Throwing       | 1 |  1.4
Armour         | 1 |  1.4
Dodging        | 1 |  1.4
Stealth        | 1 |  1.4
Shields        | 1 |  1.4
Unarmed Combat | 1 |  1.4
Evocations     | 1 |  1.4
Spellcasting   | 3 |  3.1
Conjurations   | 1 |  1.1
Hexes          | 1 |  1.1
Summonings     | 1 |  1.1
Necromancy     | 1 |  1.1
Translocations | 1 |  1.1
Transmutations | 1 |  1.1
Ice Magic      | 1 |  1.1
Air Magic      | 1 |  1.1
Earth Magic    | 1 |  1.1
Poison Magic   | 1 |  1.1
Fighting       | |  6.7
Axes           | |  6.7
Fire Magic     | |  5.5

Action                   |  1- 3 |  4- 6 || total
-------------------------+-------+-------++-------
Melee: Hand axe          |    56 |    19 ||    75
       Bite              |     3 |     2 ||     5
       Dagger            |       |     9 ||     9
       Punch             |       |     1 ||     1
 Cast: Scorch            |    12 |    41 ||    53
Invok: Foxfire Swarm     |     1 |       ||     1
Armor: Robe              |    10 |     6 ||    16
Dodge: Dodged            |    36 |    12 ||    48
